 Dungeon Crawl Stone Soup version 0.24-a0-462-ge24419a6ad (webtiles) character file.

Game seed: 15693035163312681191

875 Elric the Slasher (level 7, 0/56 HPs)
             Began as a Demonspawn Berserker on July 2, 2019.
             Was a Believer of Trog.
             Slain by an orc wizard
             ... wielding a +2 dagger of freezing
              (1 damage)
             ... on level 5 of the Dungeon.
             The game lasted 00:06:33 (4106 turns).

Elric the Slasher (Demonspawn Berserker)            Turns: 4106, Time: 00:06:34

Health: 0/56       AC: 10    Str: 19    XL:     7   Next: 74%
Magic:  6/6        EV:  5    Int:  8    God:    Trog [**....]
Gold:   352        SH:  8    Dex: 13    Spells: 6/6 levels left

rFire    . . .     SeeInvis .   a - +0 falchion
rCold    + . .     Gourm    .   v - +0 shield
rNeg     . . .     Faith    .   j - +0 chain mail
rPois    .         Spirit   .   (helmet restricted)
rElec    .         Reflect  .   (no cloak)
rCorr    .         Harm     .   B - +0 pair of gloves
MR       ++...                  y - +0 pair of boots
Stlth    +.........             (no amulet)
HPRegen  1.18/turn              s - ring of stealth
MPRegen  0.10/turn              f - ring of stealth

@: lethally poisoned (0 -> 0), regenerating
A: horns 2, cold resistance 1, demonic guardian 1, low mp 1, powered by death 1
a: Berserk, Trog's Hand, Renounce Religion


You were on level 5 of the Dungeon.
You worshipped Trog.
Trog was pleased with you.
You were not hungry.

You visited 1 branch of the dungeon, and saw 5 of its levels.

You collected 352 gold pieces.

Inventory:

Hand Weapons
 a - a +0 falchion (weapon)
Armour
 j - a +0 chain mail (worn)
 v - a +0 shield (worn)
 y - a +0 pair of boots (worn)
 B - a +0 pair of gloves (worn)
Magical Staves
 D - an uncursed staff of fire
Jewellery
 d - an uncursed ring of flight
 f - a ring of stealth (right hand)
 s - a ring of stealth (left hand)
 E - an uncursed ring of ice {unknown}
 G - a cursed ring of teleportation {unknown}
 H - an uncursed ring of positive energy {unknown}
Wands
 b - a wand of acid (9)
 x - a wand of polymorph (4)
Scrolls
 k - 2 scrolls of remove curse
 o - 2 scrolls of enchant armour {unknown}
 q - 2 scrolls of teleportation
 r - 2 scrolls of fog
 t - 5 scrolls of identify
 A - a scroll of fear {unknown}
 F - a scroll of amnesia {unknown}
Potions
 e - a potion of flight {unknown}
 g - a potion of curing {unknown}
 h - a potion of magic {unknown}
 i - 3 potions of lignification {unknown}
 l - 2 potions of haste {unknown}
 m - a potion of ambrosia {unknown}
 n - 2 potions of mutation
 p - a potion of cancellation {unknown}
 u - 2 potions of degeneration {unknown}
 w - 2 potions of agility {unknown}
 z - a potion of heal wounds {unknown}
 C - 2 potions of brilliance {unknown}
Comestibles
 c - 5 rations


   Skills:
 + Level 5.3 Fighting
 * Level 6.4 Long Blades
 - Level 1.7 Armour
 - Level 1.7 Dodging
 + Level 3.0 Stealth
 + Level 1.8 Shields


You had 6 spell levels left.
You didn't know any spells.
Your spell library was empty.

Dungeon Overview and Level Annotations

Branches:
Dungeon (5/15)
 Temple: D:4-7

Altars:
Gozag
Vehumet
Yredelemnul
The Shining One

Shops:
D:4 :


Innate Abilities, Weirdness & Mutations

You have a pair of horns on your head.
A weak demonic guardian rushes to your aid.
You regenerate a little health from kills.
Your flesh is cold resistant. (rC+)
Your magical capacity is low. (-10% MP)


Message History

You feel resistant to hostile enchantments.
You feel somewhat more hungry.
You hear some strange, mumbled words.
A magic dart appears from out of thin air!
The magic dart hits you.
* * * LOW HITPOINT WARNING * * *
You feel sick. Something hits you but does no damage.
You closely miss something. Your headbutt misses something.
You feel sick. Something hits you but does no damage.
You miss something. Your headbutt misses something.
You hear some strange, mumbled words.
A magic dart appears from out of thin air!
The magic dart hits you.
* * * LOW HITPOINT WARNING * * *
It was a potion of mutation.
You feel extremely strange.
You feel clever.
You feel less energetic.
You feel stupid.
You feel resistant to cold.
* * * LOW HITPOINT WARNING * * *
You feel sick. Something hits you.
You die...

### #####..
######### #......
#.......# #.#.#..
###.#.....###.#.#.#
#.@))######.....#.#
###'##♣≈≈♣#...###.#
#≈≈♣# ♣≈'.......#
#≈♣♣≈♣#♣≈#.#######
#P #♣†♣≈♣####..<..
#♣#♣≈≈≈♣#♣# #.....
###♣≈♣≈♣# ≈# #.....
##.#≈♣#♣≈♣♣≈#
#..... #..'†♣♣#♣≈P#
#.....


There were no monsters in sight!

Vanquished Creatures
  Sigmund (D:3)
  A centaur (D:5)
  Blork the orc (D:5)
  2 scorpions
  An orc wizard (D:5)
  2 orc priests
  2 iguanas
  Jessica (D:3)
  A centaur skeleton (D:4)
  3 worker ants (D:4)
  6 adders
  2 worms
  3 dart slugs
  2 leopard geckos
  5 orcs
  4 giant cockroaches
  7 goblins
  6 hobgoblins
  3 jackals (D:3)
  3 kobolds
  3 quokkas
  2 ball pythons
  3 bats
  2 frilled lizards
  8 rats
74 creatures vanquished.

Vanquished Creatures (collateral kills)
  2 ogres
  An orc wizard (D:3)
  2 orcs (D:3)
5 creatures vanquished.

Grand Total: 79 creatures vanquished

Notes
Turn   | Place    | Note
-------+----------+-------------------------------------------
     0 | D:1      | Elric the Demonspawn Berserker began the quest for the Orb.
     0 | D:1      | Reached XP level 1. HP: 18/18 MP: 1/1
    83 | D:1      | Reached skill level 3 in Long Blades
   110 | D:1      | Gained mutation: You regenerate a little health from kills.
                  | [demonic ancestry]
   110 | D:1      | Reached XP level 2. HP: 24/24 MP: 2/2
   576 | D:2      | Gained mutation: A weak demonic guardian rushes to your
                  | aid. [demonic ancestry]
   576 | D:2      | Reached XP level 3. HP: 29/29 MP: 3/3
  1058 | D:2      | Reached ** piety under Trog
  1305 | D:3      | Reached skill level 4 in Long Blades
  1305 | D:3      | Gained mutation: You have a pair of small horns on your
                  | head. [demonic ancestry]
  1305 | D:3      | Reached XP level 4. HP: 37/37 MP: 4/4
  1529 | D:3      | Noticed Jessica
  1534 | D:3      | Killed Jessica
  1691 | D:3      | Found a glowing golden altar of the Shining One.
  1768 | D:3      | Gained mutation: You have a pair of horns on your head.
                  | [demonic ancestry]
  1768 | D:3      | Reached XP level 5. HP: 39/42 MP: 5/5
  2320 | D:3      | Noticed Sigmund
  2338 | D:3      | Killed Sigmund
  2338 | D:3      | Reached skill level 5 in Long Blades
  2338 | D:3      | Reached skill level 1 in Stealth
  2338 | D:3      | Reached XP level 6. HP: 49/49 MP: 6/6
  2983 | D:4      | Found a radiant altar of Vehumet.
  3029 | D:4      | Found Nizez's Book Shoppe.
  3066 | D:4      | Reached XP level 7. HP: 42/55 MP: 7/7
  3227 | D:4      | Found a basalt altar of Yredelemnul.
  3246 | D:5      | Entered Level 5 of the Dungeon
  3253 | D:5      | Reached skill level 5 in Fighting
  3339 | D:5      | Reached skill level 1 in Shields
  3471 | D:5      | Found an opulent altar of Gozag.
  3529 | D:5      | Reached skill level 6 in Long Blades
  3983 | D:5      | Noticed Blork the orc
  3997 | D:5      | Killed Blork the orc
  4105 | D:5      | HP: 1/56 [something/magic dart (5)]
  4106 | D:5      | Gained mutation: Your mind is acute. (Int +2) [potion of
                  | mutation]
  4106 | D:5      | Gained mutation: Your magical capacity is low. (-10% MP)
                  | [potion of mutation]
  4106 | D:5      | Lost mutation: Your mind is acute. (Int +2) [potion of
                  | mutation]
  4106 | D:5      | Gained mutation: Your flesh is cold resistant. (rC+)
                  | [potion of mutation]
  4106 | D:5      | Slain by an orc wizard

Levels and vault maps discovered:
D:1:      psy_arrival_conway, layout_rooms, minmay_pentomino_o4
D:2:      layout_rooms, kennysheep_path_1
D:3:      layout_basic, lemuel_crystal_altar, uniq_sigmund, uniq_jessica
D:4:      layout_rooms, nicolae_overflow_hidden_temple, first_ration,
          serial_shops, shop, lemuel_tele_altar
D:5:      layout_loops_cross, nicolae_gozag_cash_rules_everything_around_me,
          saegor_snake_ambush, uniq_blork_the_orc

Skill      XL: |  1  2  3  4  5  6  7 |
---------------+----------------------+-----
Long Blades    | 3 4 5 6 |  6.4
Fighting       | 4 5 |  5.3
Stealth        | 1 2 3 |  3.0
Shields        | 1 |  1.8
Armour         | |  1.7
Dodging        | |  1.7

Action                   |  1- 3 |  4- 6 |  7- 9 || total
-------------------------+-------+-------+-------++-------
Melee: Falchion          |   109 |   108 |    75 ||   292
       Headbutt          |       |    25 |    14 ||    39
Invok: Berserk           |       |     3 |     1 ||     4
       Trog's Hand       |       |     2 |     1 ||     3
  Use: Scroll            |       |       |     4 ||     4
       Potion            |       |       |     1 ||     1
 Stab: Distracted        |       |       |     1 ||     1
  Eat: Chunk             |       |     3 |     3 ||     6
       Ration            |       |     2 |     1 ||     3
Armor: Animal skin       |     8 |       |       ||     8
       Chain mail        |    50 |    40 |    42 ||   132
Dodge: Dodged            |    65 |    16 |    16 ||    97
Block: Shield            |       |    18 |    21 ||    39
       Rpst.: Falchion   |    26 |     4 |     6 ||    36

Table legend:
 A = Non-vault XP
 B = Vault XP
 C = Vault XP percentage of total XP
 D = Non-vault monster count
 E = Vault monster count
 F = Vault count percentage of total count
                 A         B        C        D         E       F
            +---------+---------+-------+---------+---------+-------
      Total |     894 |     356 |  28.5 |      71 |       8 |  10.1
            +---------+---------+-------+---------+---------+-------
        D:1 |      25 |       4 |  13.8 |      14 |       3 |  17.6
        D:2 |      40 |       0 |   0.0 |      13 |       0 |   0.0
        D:3 |     158 |     249 |  61.2 |      22 |       2 |   8.3
        D:4 |     262 |       0 |   0.0 |      10 |       0 |   0.0
        D:5 |     409 |     103 |  20.1 |      12 |       3 |  20.0
            +---------+---------+-------+---------+---------+-------
